 Dungeon Crawl Stone Soup version 0.30.1-8-g117510f58f (webtiles) character file.

Game seed: 11972348310248491196

114 Dillybarz the Shield-Bearer (level 4, -1/41 HPs)
             Began as a Minotaur Fighter on Sept 22, 2023.
             Was an Initiate of Okawaru.
             Slain by a water moccasin (2 damage)
             ... on level 3 of the Dungeon.
             The game lasted 00:10:15 (1817 turns).

Dillybarz the Shield-Bearer (Minotaur Fighter)      Turns: 1817, Time: 00:10:16

Health: -1/41      AC: 11    Str: 23    XL:     4   Next: 66%
Magic:  3/3        EV:  8    Int:  5    God:    Okawaru [......]
Gold:   116        SH:  4    Dex:  9    Spells: 3/3 levels left

rFire   . . .        a - +0 war axe
rCold   . . .        c - +0 buckler
rNeg    . . .        h - +0 chain mail
rPois   .            (helmet restricted)
rElec   .            m - +1 cloak
rCorr   .            (no gloves)
SInv    .            (no boots)
Will    .....        (no amulet) Stlth
                     (no ring)
HPRegen 0.26/turn    (no ring)
MPRegen 0.08/turn

%: no passive effects
@: no status effects
A: horns 2, retaliatory headbutt
a: Renounce Religion


You were on level 3 of the Dungeon.
You worshipped Okawaru.
Okawaru was noncommittal.
You visited 1 branch of the dungeon, and saw 3 of its levels.

You collected 116 gold pieces.

Inventory:

Hand Weapons
 a - a +0 war axe (weapon)
Missiles
 e - 15 stones (quivered)
Armour
 b - a +0 scale mail
 c - a +0 buckler (worn)
 h - a +0 chain mail (worn)
 m - a +1 cloak (worn)
Scrolls
 f - 2 scrolls of identify
 i - a scroll of amnesia {unknown}
 j - a scroll of enchant weapon {unknown}
 k - a scroll of blinking
Potions
 d - 3 potions of might
 g - a potion of brilliance
 l - a potion of haste {unknown}


   Skills:
 + Level 4.3 Fighting
 * Level 4.2 Axes
 + Level 4.3 Armour
 + Level 4.4 Shields


You had 3 spell levels left.
You didn't know any spells.
Your spell library contained the following spells:

 Spells                   Type           Power      Damage    Failure   Level
 Dazzling Flash           Conj/Hex       0%         N/A       100%        3
 Inner Flame              Hex/Fire       0%         N/A       100%        3
 Stone Arrow              Conj/Erth      0%         3d7       100%        3
 Agony                    Necr           0%         N/A       100%        5
 Silence                  Hex/Air        0%         N/A       100%        5
 Yara's Violent Unravell  Hex/Tmut       0%         3d3       100%        5
 Enfeeble                 Hex            0%         N/A       100%        7
 Lehudib's Crystal Spear  Conj/Erth      0%         10d2      100%        8
 Animate Armour           Summ/Erth      Unusable   N/A       N/A         4

Dungeon Overview and Level Annotations

Branches:
Dungeon (3/15)

Altars:
Okawaru


Innate Abilities, Weirdness & Mutations

You have a pair of horns on your head.
You reflexively headbutt those who attack you in melee.


Message History

Your headbutt misses the water moccasin.
You block the water moccasin's attack.
You closely miss the water moccasin.
Your headbutt misses the water moccasin.
The water moccasin bites you. x2
The orc hits you with a +1 short sword of venom.
You are poisoned.
You closely miss the water moccasin. You hit the orc.
You feel very sick.
The water moccasin bites you but does no damage.
You block the water moccasin's attack. The orc hits you but does no damage.
You closely miss the water moccasin. You slash the orc!
You kill the orc!
Okawaru accepts your kill.
You feel very sick.
The water moccasin bites you but does no damage.
The water moccasin bites you.
You miss the water moccasin.
You feel very sick.
The water moccasin bites you but does no damage. x2
You miss the water moccasin.
You feel sick. The water moccasin bites you.
* * * LOW HITPOINT WARNING * * *
The water moccasin bites you but does no damage.
You miss the water moccasin.
You feel sick.
The water moccasin completely misses you.
The water moccasin barely misses you.
You closely miss the water moccasin.
You feel sick.
The water moccasin bites you but does no damage.
You hit the water moccasin but do no damage.
You feel sick.
The water moccasin bites you but does no damage.
The water moccasin bites you!
* * * LOW HITPOINT WARNING * * *
You closely miss the water moccasin.
* * * LOW HITPOINT WARNING * * *
You feel sick.
You are no longer poisoned.
The water moccasin bites you but does no damage. x2
You closely miss the water moccasin. The water moccasin bites you.
You die...

.. . > . .#. ..# #.# #
#.###.#. #.# #.#.....
#...######## ##...#
#.#.....S@.# #####..###
#.########)###......#####.
#.## #.....####.##....
#..# #...#...##.##.##.
#..## ###.##.....#...[#..
#...####...##........#...#
#†#..).#.####....#.....###
#.####.>.####.............
#.###..####.............##


You could see a water moccasin.

Vanquished Creatures
  An orc wizard (D:3)
  A gnoll (D:1)
  An adder (D:3)
  2 worms
  A dart slug (D:3)
  3 orcs (D:3)
  7 endoplasms
  2 giant cockroaches
  4 goblins
  2 hobgoblins
  7 jackals (D:2)
  5 kobolds
  3 quokkas
  4 ball pythons
  4 bats
  2 frilled lizards (D:1)
  6 rats
55 creatures vanquished.

Notes
Turn   | Place    | Note
-------+----------+-------------------------------------------
     0 | D:1      | Dillybarz the Minotaur Fighter began the quest for the Orb.
     0 | D:1      | Reached XP level 1. HP: 19/19 MP: 0/0
   198 | D:1      | Reached XP level 2. HP: 27/27 MP: 1/1
   453 | D:1      | Reached XP level 3. HP: 15/33 MP: 2/2
  1204 | D:2      | Identified the +0 robe "Inost" {Str+2 Dex+2}
  1446 | D:2      | Found an iron altar of Okawaru.
  1464 | D:2      | Identified the +4 dagger of Gehenna {freeze, rF+ rC+ Int+4}
  1468 | D:2      | Became a worshipper of Warmaster Okawaru
  1673 | D:3      | Reached XP level 4. HP: 38/40 MP: 3/3
  1789 | D:3      | Noticed a water moccasin
  1815 | D:3      | HP: 2/41 [water moccasin (7)]
  1817 | D:3      | Slain by a water moccasin

Illustrated notes

Levels and vault maps discovered:
D:1:      dpeg_arrival_oval, layout_basic
D:2:      layout_rooms, basic_altar, item_on_display_a
D:3:      layout_rooms, hellmonk_ecumenical_altar_prayer_group

Skill      XL: |  1  2  3  4 |
---------------+-------------+-----
Axes           | 3 4 |  4.2
Armour         | 4 |  4.3
Fighting       | 4 |  4.3
Shields        | 4 |  4.4

Action                     |  1- 3 |  4- 6 || total
---------------------------+-------+-------++-------
  Melee: War axe           |    90 |    39 ||   129
         Headbutt          |    12 |     1 ||    13
  Throw: Stone             |    18 |       ||    18
    Use: Scroll            |     6 |       ||     6
 Armour: Scale mail        |    42 |       ||    42
         Chain mail        |     1 |    26 ||    27
  Dodge: Dodged            |    39 |     6 ||    45
  Block: Buckler           |    23 |     5 ||    28
